 Dungeon Crawl Stone Soup version 0.31.0-12-g77e489cdc1 (webtiles) character file.

Game seed: 14598350092157518985

82 spaghetti the Trooper (level 4, -2/38 HPs)
             Began as a Demonspawn Chaos Knight on Feb 26, 2024.
             Was a Plaything of Xom.
             Slain by a gnoll
             ... wielding a +0 flail
              (8 damage)
             ... on level 2 of the Dungeon.
             The game lasted 00:01:53 (1862 turns).

spaghetti the Trooper (Demonspawn Chaos Knight)     Turns: 1862, Time: 00:01:53

Health: -2/38      AC:  5    Str: 14    XL:     4   Next: 21%
Magic:  4/4        EV: 11    Int: 13    God:    Xom [....*.]
Gold:   64         SH:  0    Dex: 12    Spells: 3/3 levels left

rFire   . . .        c - +1 whip (elec)
rCold   . . .        (no shield)
rNeg    . . .        a - +2 leather armour
rPois   .            (no helmet)
rElec   .            (no cloak)
rCorr   .            (no gloves)
SInv    .            (no boots)
Will    .....        (no amulet)
Stlth   +            (no ring)
HPRegen 0.26/turn    (no ring)
MPRegen 0.09/turn

%: no passive effects
@: attractive
A: weakness stinger 1, MP-powered wands, persistent drain
a: Renounce Religion


You were on level 2 of the Dungeon.
You worshipped Xom.
You were a beloved toy of Xom.
You visited 1 branch of the dungeon, and saw 2 of its levels.

You collected 64 gold pieces.

Inventory:

Hand Weapons
 c - a +1 whip of electrocution (weapon)
Armour
 a - a +2 leather armour (worn)
Scrolls
 b - a scroll of butterflies
 d - a scroll of summoning {unknown}
 h - a scroll of vulnerability {unknown}
Potions
 e - a potion of enlightenment


   Skills:
 + Level 4.6 Fighting
 - Level 1.7 Armour
 - Level 0.8 Dodging
 - Level 3.2 Unarmed Combat


You had 3 spell levels left.
You didn't know any spells.
Your spell library was empty.

Dungeon Overview and Level Annotations

Branches:
Dungeon (2/15)

Altars:

Shops:
D:1 *


Innate Abilities, Weirdness & Mutations

You have a small tail.
You expend magic power (3 MP) to strengthen your wands.
Your health recovers twice as slowly from being drained.


Message History

The gnoll is almost dead.
The gnoll hits you with a +0 club.
You closely miss the gnoll.
The gnoll is almost dead.
The gnoll closely misses you.
You closely miss the gnoll. You tail-slap the gnoll.
You kill the gnoll!
You have reached level 4!
You feel clever.
Unknown command.
You whack the gnoll!
The gnoll is heavily wounded.
The gnoll hits you but does no damage.
You hit the gnoll.
The gnoll is severely wounded.
The gnoll hits you but does no damage.
You hit the gnoll but do no damage. Lightning courses through the gnoll!
You kill the gnoll!
You hit the goblin. Lightning courses through the goblin!
You kill the goblin!
The frilled lizard is attracted toward you.
You hit the ball python. You tail-slap the ball python.
You kill the ball python!
You hit the gnoll.
The gnoll is lightly wounded.
The gnoll barely misses you.
You hit the gnoll.
The gnoll is moderately wounded.
The gnoll barely misses you.
You hit the gnoll.
The gnoll is moderately wounded.
The gnoll hits you with a +0 flail.
You hit the gnoll but do no damage.
The gnoll is moderately wounded.
The gnoll hits you with a +0 flail.
* * * LOW HITPOINT WARNING * * *
You barely miss the gnoll.
The gnoll is moderately wounded.
The gnoll hits you with a +0 flail!
You die...

#..#####........###....########
#.## #........###..[.# #.#
#.........############## ###.#
#†........# #...... #...#
#.........# #.##### #.###
##.........########.....# ..#
......####......<...)...# ###
......#########..###....#
.....glg@........# #....#
......####.......# #..... .....
#.####..# #..... .... #.# ##.#
#..... .g. #.# #.# #..... .l
#.#####.# #..... .
##.......###.....
#...........####. #####
#...........# #.


You could see 2 gnolls and a frilled lizard.

Vanquished Creatures
  2 gnolls (D:2)
  An adder (D:2)
  3 dart slugs
  4 bats
  2 endoplasms
  A giant cockroach (D:2)
  4 goblins
  5 hobgoblins
  10 kobolds
  A quokka (D:1)
  5 ball pythons
  2 frilled lizards
  3 rats
43 creatures vanquished.

Notes
Turn   | Place    | Note
-------+----------+-------------------------------------------
     0 | D:1      | spaghetti the Demonspawn Chaos Knight began the quest for
                  | the Orb.
     0 | D:1      | Reached XP level 1. HP: 18/18 MP: 1/1
   163 | D:1      | Discovered your monstrous ancestry.
   163 | D:1      | Gained mutation: You have a small tail. [demonic ancestry]
   163 | D:1      | Reached XP level 2. HP: 20/24 MP: 2/2
   207 | D:1      | XOM: potion effect (haste)
   542 | D:1      | Found Miahahure's Assorted Antiques.
   612 | D:1      | XOM: cloud trail
   754 | D:1      | Reached XP level 3. HP: 30/30 MP: 3/3
   903 | D:1      | XOM: summons 2 hostile demons
   906 | D:1      | XOM: butterfly on damage
  1097 | D:2      | XOM: god gift: 28 gold pieces
  1197 | D:2      | Reached skill level 4 in Fighting
  1399 | D:2      | XOM: scenery: summon butterflies
  1459 | D:2      | XOM: scenery: 2 doors open
  1472 | D:2      | XOM is BORED!
  1472 | D:2      | XOM: give mutations
  1472 | D:2      | Gained mutation: You expend magic power (3 MP) to
                  | strengthen your wands. [Xom's mischief]
  1472 | D:2      | Gained mutation: Your health recovers twice as slowly from
                  | being drained. [Xom's mischief]
  1472 | D:2      | Gained mutation: Your spells are a little easier to cast,
                  | but a little less powerful. [Xom's mischief]
  1472 | D:2      | Lost mutation: Your spells are a little easier to cast, but
                  | a little less powerful. [Xom's mischief]
  1529 | D:2      | XOM: god gift: scroll labelled WORHITRYRAIM {god gift}
  1853 | D:2      | Reached XP level 4. HP: 14/38 MP: 4/4
  1862 | D:2      | Slain by a gnoll

Illustrated notes

Levels and vault maps discovered:
D:1:      heliophobic_arrival_battle_scene, layout_basic, serial_shops,
          nicolae_shop_stone
D:2:      layout_basic, nicolae_houndstooth_variations

Skill      XL: |  1  2  3 |
---------------+----------+-----
Unarmed Combat | 3 |  3.2
Fighting       | 4 |  4.6
Armour         | |  1.7
Dodging        | |  0.8

Action                     |  1- 3 |  4- 6 || total
---------------------------+-------+-------++-------
  Melee: Unarmed           |    23 |       ||    23
         Punch             |     2 |       ||     2
         Whip              |   114 |    10 ||   124
         Tailslap          |    15 |     1 ||    16
    Use: Scroll            |     3 |       ||     3
         Potion            |     3 |       ||     3
   Stab: Sleeping          |     1 |       ||     1
 Armour: Leather armour    |    73 |     5 ||    78
  Dodge: Dodged            |    74 |     2 ||    76
